 Dungeon Crawl Stone Soup version 0.26-a0-665-gefeb406119 (webtiles) character file.

Game seed: 431937084321126411

37 washedup the Chopper (level 3, 26/33 HPs)
             Began as a Deep Dwarf Fighter on Oct 14, 2020.
             Quit the game on level 2 of the Dungeon.
             The game lasted 00:02:59 (230 turns).

washedup the Chopper (Deep Dwarf Fighter)            Turns: 230, Time: 00:03:00

Health: 26/33      AC:  6    Str: 19    XL:     3   Next: 23%
Magic:  3/3        EV:  7    Int:  8    God:
Gold:   11         SH:  9    Dex: 13    Spells: 2/2 levels left

rFire    . . .     SeeInvis .   a - +0 war axe
rCold    . . .     Faith    .   c - +0 kite shield
rNeg     . . .     Spirit   .   b - +0 scale mail
rPois    .         Reflect  .   (no helmet)
rElec    .         Harm     .   (no cloak)
rCorr    .         Rampage  .   (no gloves)
MR       .....                  (no boots)
Stlth    ..........             (no amulet)
HPRegen  0.00/turn              (no ring)
MPRegen  0.08/turn              (no ring)

@: non-regenerating
A: damage resistance, heal wounds, sense surroundings 1, no regeneration
a: Heal Wounds


You were on level 2 of the Dungeon.
You visited 1 branch of the dungeon, and saw 2 of its levels.

You collected 11 gold pieces.

Inventory:

Hand Weapons
 a - a +0 war axe (weapon)
Missiles
 F - 6 curare-tipped darts (quivered)
Armour
 b - a +0 scale mail (worn)
 c - a +0 kite shield (worn)
Scrolls
 e - a scroll of magic mapping {unknown}
 f - a scroll of immolation {unknown}
 g - a scroll of random uselessness {unknown}
Potions
 d - a potion of might {@q4}


   Skills:
 - Level 2.6 Fighting
 + Level 4.1 Axes
 - Level 3.2 Armour
 - Level 3.2 Shields


You had 2 spell levels left.
You didn't know any spells.
Your spell library was empty.

Dungeon Overview and Level Annotations

Branches:
Dungeon (2/15)

Altars:
Qazlal
Xom


Innate Abilities, Weirdness & Mutations

You are resistant to damage.
You can heal yourself by infusing magical energy.
You passively map a small area around you.
You do not regenerate.


Message History

The kobold shouts!
The bat hits you but does no damage. The bat closely misses you.
The frilled lizard bites you but does no damage.
The bat hits you but does no damage. You block the bat's attack.
You block the frilled lizard's attack. You block the kobold's attack.
The frilled lizard bites you but does no damage.
The bat hits you but does no damage.
Found a shimmering altar of Xom.
You slash the kobold!
You kill the kobold!
You miss the frilled lizard. You hit the bat.
You kill the bat!
The frilled lizard closely misses you.
Things that are here:
a scroll labeled ZOIHYNNURIZ; a kobold corpse
g - a scroll labeled ZOIHYNNURIZ The frilled lizard barely misses you.
Are you sure you want to abandon this character and quit the game? (Confirm with "yes".)

** * # , * #
##################### *
####.................(.#
....#...#...#.†.#...#..#
*
###........)..[l@....._#
###...#...#...#...#..#,
#...................# ,
##################### *
, ,*, , , , , , * ## *
.. * , * * #


You could see a frilled lizard.

Vanquished Creatures
  2 adders
  2 giant cockroaches
  2 goblins
  2 hobgoblins
  5 kobolds
  2 bats
  5 rats
20 creatures vanquished.

Vanquished Creatures (others)
  A plant
1 creature vanquished.

Grand Total: 21 creatures vanquished

Notes
Turn   | Place    | Note
-------+----------+-------------------------------------------
     0 | D:1      | washedup the Deep Dwarf Fighter began the quest for the
                  | Orb.
     0 | D:1      | Reached XP level 1. HP: 20/20 MP: 1/1
    42 | D:1      | Reached skill level 3 in Axes
    43 | D:1      | Reached XP level 2. HP: 27/27 MP: 2/2
   173 | D:2      | Found a stormy altar of Qazlal.
   174 | D:2      | Noticed an earth elemental
   195 | D:2      | Reached skill level 4 in Axes
   195 | D:2      | Reached XP level 3. HP: 26/33 MP: 3/3
   226 | D:2      | Found a shimmering altar of Xom.
   230 | D:2      | Quit the game

Illustrated notes

Levels and vault maps discovered:
D:1:      psy_arrival_whirlpool, layout_loops_cross, skrybe_limestone_x
D:2:      layout_loops_ring, lemuel_coloured_pillars_altar, zin_purify,
          grunt_dithmenos_smoke, nicolae_qazlal_style_of_elements,
          serial_bayou_pond_d

Skill      XL: |  1  2 |
---------------+-------+-----
Axes           | 3 4 |  4.1
Fighting       | |  2.6
Armour         | |  3.2
Shields        | |  3.2

Action                   || total
-------------------------++-------
Melee: War axe           ||    37
Armor: Scale mail        ||    53
Dodge: Dodged            ||    38
Block: Kite shield       ||    70

Table legend: (Time is in decaauts)
 A = Elapsed time spent in this place.
 B = Non-inter-level travel time spent in this place.
 C = Inter-level travel time spent in this place.
 D = Time resting spent in this place.
 E = Time spent auto-exploring this place.
 F = Levels seen in this place.
 G = Mean time per level.
                   A        B        C        D        E       F      G
               +--------+--------+--------+--------+--------+-----+--------+
         Total |    248 |    248 |      0 |      0 |      0 |   2 |  124.0 |
       Dungeon |    248 |    248 |      0 |      0 |      0 |   2 |  124.0 |
               +--------+--------+--------+--------+--------+-----+--------+

Top non-repeatable levels by time:
     D:2: 189 daAuts
     D:1: 59 daAuts
